 Dungeon Crawl Stone Soup version 0.30-a0-852-g08b95dd62f (webtiles) character file.

Game seed: 2720624142433029997

272 Demosthentine the Ducker (level 6, -3/47 HPs)
             Began as a Demonspawn Gladiator on Mar 5, 2023.
             Was an Initiate of Hepliaklqana.
             Slain by an orc priest
             ... wielding a +0 short sword
              (4 damage)
             ... on level 4 of the Dungeon.
             The game lasted 00:04:57 (3734 turns).

Demosthentine the Ducker (Demonspawn Gladiator)     Turns: 3734, Time: 00:04:58

Health: -3/47      AC:  6    Str: 17    XL:     6   Next: 2%
Magic:  6/6        EV: 13    Int:  9    God:    Hepliaklqana [......]
Gold:   209        SH:  0    Dex: 14    Spells: 5/5 levels left

rFire   . . .      SeeInvis .      - Unarmed
rCold   . . .      Faith    .    (no shield)
rNeg    . . .      Spirit   .    b - +0 leather armour
rPois   .          Reflect  .    (helmet restricted)
rElec   .          Rampage  .    (no cloak)
rCorr   .                        s - +2 pair of gloves
Will    .....                    (no boots)
Stlth   +                        (no amulet)
HPRegen 0.27/turn                (no ring)
MPRegen 0.10/turn                (no ring)

@: no status effects
A: antennae 1, claws 1, hooves 1, foul stench 1
a: Renounce Religion


You were on level 4 of the Dungeon.
You worshipped Hepliaklqana.
Hepliaklqana was noncommittal.
You visited 1 branch of the dungeon, and saw 4 of its levels.

You collected 209 gold pieces.

Inventory:

Missiles
 d - 3 throwing nets (quivered)
 e - a javelin
Armour
 b - a +0 leather armour (worn)
 s - a +2 pair of gloves (worn)
Jewellery
 t - a ring of see invisible
 w - a +6 ring of intelligence
Wands
 m - a wand of flame (16)
Scrolls
 k - 2 scrolls of fear
 l - a scroll of vulnerability
 q - a scroll of identify
 u - a scroll of enchant armour
 v - a scroll of poison {unknown}
Potions
 a - a potion of haste
 f - 2 potions of mutation
 g - a potion of might
 h - 2 potions of ambrosia {unknown}
 i - a potion of cancellation
 n - a potion of lignification
 o - a potion of curing {unknown}
 p - a potion of magic {unknown}
 r - a potion of invisibility {unknown}


   Skills:
 + Level 3.5 Fighting
 - Level 3.0 Polearms
 - Level 1.7 Throwing
 + Level 2.4 Armour
 + Level 3.8 Dodging
 + Level 2.0 Unarmed Combat


You had 5 spell levels left.
You didn't know any spells.
Your spell library contained the following spells:

 Spells                   Type           Power      Damage    Failure   Level
 Freeze                   Ice            0%         1d3       43%         1
 Magic Dart               Conj           0%         1d3       43%         1
 Call Imp                 Summ           0%         N/A       58%         2
 Cigotuvi's Dreadful Rot  Necr/Pois/Air  0%         N/A       58%         2
 Lesser Beckoning         Tloc           0%         N/A       58%         2
 Frozen Ramparts          Ice            0%         1d1       82%         3
 Hailstorm                Conj/Ice       0%         3d3       82%         3
 Mephitic Cloud           Conj/Pois/Air  0%         N/A       82%         3
 Dispel Undead            Necr           0%         3d6       99%         4
 Death Channel            Necr           0%         N/A       100%        6


Dungeon Overview and Level Annotations

Branches:
Dungeon (4/15)             Temple (0/1) D:4

Altars:
Ashenzari
Hepliaklqana
Sif Muna
Uskayaw

Shops:
D:2 (


Innate Abilities, Weirdness & Mutations

You have a pair of small antennae on your head.
You have sharp fingernails.
You have large cloven feet.
You may rarely emit foul miasma when damaged in melee.


Message History

You kick the orc priest, but do no damage.
The orc priest is heavily wounded.
The orc priest barely misses you. The orc closely misses you.
You hit the orc priest but do no damage.
You kick the orc priest, but do no damage.
The orc priest is heavily wounded.
The orc priest hits you with a +0 club. The orc hits you but does no damage.
You barely miss the orc priest.
The orc priest is heavily wounded.
The orc priest miscasts a cantrip.
The orc hits you but does no damage.
You barely miss the orc priest. You kick the orc priest.
You punch the orc priest, but do no damage.
The orc priest is severely wounded.
The orc priest hits you with a +0 club. The orc closely misses you.
You hit the orc priest but do no damage.
The orc priest is severely wounded.
The orc priest miscasts a cantrip.
The orc hits you with a +0 short sword.
The orc priest looks encouraged for a moment.
You hit the orc priest.
The orc priest is severely wounded.
The orc priest calls down the wrath of Beogh upon you.
Beogh smites you!
* * * LOW HITPOINT WARNING * * *
You hit the orc priest but do no damage.
You kick the orc priest.
The orc priest is almost dead.
The orc priest barely misses you. The orc closely misses you.
You completely miss the orc priest. Your kick misses the orc priest.
The orc priest is almost dead.
The orc priest hits you but does no damage.
The orc priest invokes the aid of Beogh against you.
Beogh smites you!
* * * LOW HITPOINT WARNING * * *
The orc barely misses you.
You hit the orc priest but do no damage.
The orc priest is almost dead.
The orc priest hits you with a +0 short sword.
You die...

#....#####.# #... #....# .##..
#...#######....##.# # ##########
#.(...............# #
#........###...........###.######
..........##........... #.......
...........##....o##### ######.#
............##.ooo# #.#
.............##.@o# #.#
..............#...# #..
...####.......#...# #.. ..##
##......#...# ##. ..#
#......'...# #≈. ..# #†.....'...#
##§ ..## ##......#...# #≈>
...####.......#...# ##.
.......[......##### #≈.


You could see 2 orc priests and 3 orcs.

Vanquished Creatures
  A jelly (D:4)
  An orc priest (D:3)
  A hound (D:4)
  Jessica (D:2)
  Ijyb (D:3)
  4 adders
  A dart slug (D:2)
  2 worms
  11 orcs
  5 ball pythons
  5 bats
  5 endoplasms
  2 giant cockroaches
  10 goblins
  7 hobgoblins
  3 jackals (D:1)
  2 quokkas
  3 frilled lizards
  10 kobolds
  5 rats
80 creatures vanquished.

Notes
Turn   | Place    | Note
-------+----------+-------------------------------------------
     0 | D:1      | Demosthentine the Demonspawn Gladiator began the quest for
                  | the Orb.
     0 | D:1      | Reached XP level 1. HP: 16/16 MP: 1/1
    76 | D:1      | Gained mutation: You may rarely emit foul miasma when
                  | damaged in melee. [demonic ancestry]
    76 | D:1      | Reached XP level 2. HP: 22/22 MP: 2/2
   467 | D:1      | Reached skill level 1 in Armour
   773 | D:2      | Discovered your monstrous ancestry.
   773 | D:2      | Gained mutation: You have sharp fingernails. [demonic
                  | ancestry]
   773 | D:2      | Reached XP level 3. HP: 28/28 MP: 3/3
  1094 | D:2      | You fall into a shaft and drop 2 floors!
  1095 | D:4      | Noticed a +0 dagger
  1355 | D:4      | Found a broken altar of Ashenzari.
  1484 | D:3      | Gained mutation: You have large cloven feet. [demonic
                  | ancestry]
  1484 | D:3      | Reached XP level 4. HP: 22/34 MP: 4/4
  1645 | D:3      | Reached skill level 1 in Unarmed Combat
  1677 | D:3      | Found a shimmering blue altar of Sif Muna.
  1740 | D:2      | Found Giets's Weapon Shoppe.
  1757 | D:2      | Noticed Jessica
  1769 | D:2      | Killed Jessica
  1770 | D:2      | Reached XP level 5. HP: 10/41 MP: 5/5
  1774 | D:2      | Got Jessica's Dissertation on Correspondence
  2698 | D:3      | Noticed Ijyb
  2709 | D:3      | Killed Ijyb
  2931 | D:3      | Found a hazy altar of Hepliaklqana.
  3040 | D:3      | Became a worshipper of Hepliaklqana the Forgotten
  3114 | D:4      | Found a staircase to the Ecumenical Temple.
  3362 | D:4      | Noticed a +0 spear
  3362 | D:4      | Noticed a +0 short sword
  3364 | D:4      | Noticed a +0 falchion
  3364 | D:4      | Noticed a +0 falchion
  3365 | D:4      | Noticed a +0 spear
  3365 | D:4      | Noticed a +0 dagger
  3379 | D:4      | Noticed a +0 short sword
  3383 | D:4      | Found a hide-covered altar of Uskayaw.
  3474 | D:4      | Gained mutation: You have a pair of small antennae on your
                  | head. [demonic ancestry]
  3474 | D:4      | Reached XP level 6. HP: 36/47 MP: 6/6
  3733 | D:4      | HP: 1/47 [orc priest/divine providence (12)]
  3734 | D:4      | Slain by an orc priest

Illustrated notes

Levels and vault maps discovered:
D:1:      elethiomel_arrival_infinity_welcomes_careful_drivers,
          layout_loops_ring, hangedman_decor_opposing
D:2:      layout_loops_ring, serial_shops, shop_fountains,
          minmay_misc_feat_rugged, nicolae_hexahallways, st_stairs_4,
          kennysheep_jessica_study
D:3:      layout_basic, overflow_temple_1_default,
          mainiacjoe_overflow_tiny_flanked, serial_glass, glass_columns_b,
          glass_columns_a, glass_columns_b, glass_columns_a, glass_columns_a,
          glass_columns_b, uniq_ijyb, uniq_jessica
D:4:      layout_basic, ashenzari_conservatory_becter,
          nicolae_uskayaw_en_pointe, minmay_temple_entry_metal_lava,
          kennysheep_big_empty_room, chequers_decorated_corner,
          minmay_misc_feat_encased

Skill      XL: |  1  2  3  4  5 |
---------------+----------------+-----
Polearms       | 3 |  3.0
Dodging        | 3 |  3.8
Armour         | 1 2 |  2.4
Fighting       | 3 |  3.5
Unarmed Combat | 1 2 |  2.0
Throwing       | |  1.7

Action                     |  1- 3 |  4- 6 || total
---------------------------+-------+-------++-------
  Melee: Trident           |    67 |       ||    67
         Punch             |     2 |     3 ||     5
         Unarmed           |    85 |   146 ||   231
         Kick              |       |    45 ||    45
  Throw: Throwing net      |       |     1 ||     1
    Use: Scroll            |     3 |    11 ||    14
         Potion            |       |     1 ||     1
   Stab: Sleeping          |     2 |       ||     2
 Armour: Leather armour    |    36 |    38 ||    74
  Dodge: Dodged            |    79 |    88 ||   167

Table legend: (Time is in decaauts)
 A = Elapsed time spent in this place.
 B = Non-inter-level travel time spent in this place.
 C = Inter-level travel time spent in this place.
 D = Time resting spent in this place.
 E = Time spent auto-exploring this place.
 F = Levels seen in this place.
 G = Mean time per level.
                   A        B        C        D        E       F      G
               +--------+--------+--------+--------+--------+-----+--------+
         Total |   3738 |   3670 |     68 |    321 |   2655 |   4 |  934.5 |
       Dungeon |   3738 |   3670 |     68 |    321 |   2655 |   4 |  934.5 |
               +--------+--------+--------+--------+--------+-----+--------+

Top non-repeatable levels by time:
     D:3: 1011 daAuts
     D:2: 984 daAuts
     D:4: 972 daAuts
     D:1: 769 daAuts
